 Dungeon Crawl Stone Soup version 0.20.0 (webtiles) character file.

94875 Llamajah the Warrior (level 16, 0/139 HPs)
             Began as a Formicid Fighter on June 1, 2017.
             Was the Champion of Okawaru.
             Slain by a shock serpent (11 damage)
             ... on level 1 of the Snake Pit.
             The game lasted 02:24:13 (26036 turns).

Llamajah the Warrior (Formicid Fighter)            Turns: 26036, Time: 02:24:14

Health: 0/139      AC: 19    Str: 26    XL:     16   Next: 61%
Magic:  22/22      EV:  7    Int:  8    God:    Okawaru [******]
Gold:   1925       SH: 25    Dex: 12    Spells: 15/15 levels left

rFire    + . .     SeeInvis +   K - +6 executioner's axe (chop)
rCold    + . .     Gourm    .   s - +2 large shield {rC+ rF+}
rNeg     . . .     Faith    .   a - +2 plate armour {rPois}
rPois    +         Spirit   .   (helmet unavailable)
rElec    .         Reflect  +   B - scarf {cloud immunity}
rCorr    +         Harm     .   p - +0 pair of gloves
MR       ++...                  u - +0 pair of boots {Fly}
Stlth    ..........             i - +4 amulet of reflection
Regen    0.4/turn               c - ring of protection from magic
MPRegen  0.2/turn               R - ring of resist corrosion

@: flying, constricted, studying Fighting
A: permanent stasis, dig shafts and tunnels, four strong arms, antennae 3
a: Dig, Shaft Self, Heroism, Finesse, Renounce Religion, Stop Flying


You were on level 1 of the Snake Pit.
You worshipped Okawaru.
Okawaru was exalted by your worship.
You were not hungry.

You visited 5 branches of the dungeon, and saw 25 of its levels.
You also visited: Labyrinth and Bailey.

You collected 2653 gold pieces.
You spent 728 gold pieces at shops.

Inventory:

Hand Weapons
 e - the +7 fustibalus of Exchange {flame, -Tele rN+ Dex+6}
   (You found it on level 10 of the Dungeon)

   It causes projectiles fired from it to burn those they strike, causing extra
   injury to most foes and up to half again as much damage against particularly
   susceptible opponents.
   It affects your dexterity (+6).
   It protects you from negative energy.
   It prevents most forms of teleportation.
 o - a +4 battleaxe of flaming
 K - a +6 executioner's axe of chopping (weapon)
Missiles
 r - 195 sling bullets
Armour
 a - a +2 plate armour of poison resistance (worn)
 m - the +1 scale mail of Unambiguity {rPois rN+++ Int-5}
   (You found it on level 15 of the Dungeon)

   It affects your intelligence (-5).
   It protects you from poison.
   It renders you almost immune to negative energy.
 p - a +0 pair of gloves (worn)
 s - a +2 large shield of resistance (worn)
 u - a +0 pair of boots of flying (worn)
 B - a scarf of cloud immunity (worn)
 M - a +2 plate armour of fire resistance
Jewellery
 c - a ring of protection from magic (left hand)
 i - a +4 amulet of reflection (around neck)
 y - an uncursed ring of protection from fire
 I - an uncursed ring of protection from fire
 R - a ring of resist corrosion (right hand)
Wands
 b - a wand of disintegration (24/24)
 g - a wand of lightning (7/15)
 j - a wand of flame (18/48)
 k - a wand of iceblast (9/15)
 D - a wand of scattershot (4/9)
 E - a wand of confusion (26/48)
 O - a wand of lightning (11/15)
 V - a wand of paralysis (16/24)
Scrolls
 n - 6 scrolls of remove curse
 A - 3 scrolls of identify
 C - a scroll of fog
 Z - a scroll of magic mapping
Potions
 d - 3 potions of might
 h - a potion of magic
 l - a potion of cancellation
 t - 7 potions of brilliance
 H - a potion of lignification
 L - 3 potions of curing
 T - a potion of agility
Books
 S - a manual of Fighting
Comestibles
 f - 11 bread rations
 v - 14 fruits
 x - 21 royal jellies
 z - 8 meat rations


   Skills:
 * Level 16.7 Fighting
 * Level 11.8(12.2) Axes
   Level 5.3(9.4) Maces & Flails
 + Level 10.8 Slings
 + Level 10.8 Armour
 + Level 8.7 Dodging
 + Level 12.1 Shields
 - Level 7.3 Invocations
 + Level 8.9 Evocations


You had 15 spell levels left.
You didn't know any spells.

Dungeon Overview and Level Annotations

Branches:
Dungeon (15/15) Temple (1/1) D:5 Lair (6/6) D:9 Shoals (0/4) Lair:4 Snake (1/4) Lair:2 Slime (0/5) Lair:6 Orc (2/2) D:12 Elf (0/3) Orc:2 Vaults (0/5) D:12 D:13 Depths (0/5) D:15

Altars:
Cheibriados
Dithmenos
Elyvilon
Fedhas
Gozag
Kikubaaqudgha
Makhleb
Nemelex Xobeh
Okawaru
Qazlal
Ru
Trog
Uskayaw
Vehumet
Yredelemnul
Zin
The Shining One

Shops:
D:4 :   D:13 !   Orc:2 }[!*   Snake:1 (

Portals:
Pandemonium: Orc:2

Annotations:
Snake:1 Kirke


Innate Abilities, Weirdness & Mutations

You cannot be hasted, slowed, berserked, paralysed or teleported.
You can dig through walls and to a lower floor.
Your four strong arms can wield two-handed weapons with a shield.
You have a pair of large antennae on your head. (SInv)


Message History

* * * LOW HITPOINT WARNING * * *
The hog bites you.
* * * LOW HITPOINT WARNING * * *
Kirke hits you.
* * * LOW HITPOINT WARNING * * *
You block the shock serpent's attack.
You feel better. The naga warrior barely misses you.
You block the shock serpent's attack. You block the hog's attack.
The naga warrior spits poison at you. The splash of poison misses you.
* * * LOW HITPOINT WARNING * * *
The naga warrior constricts you. You block the lindwurm's attack.
The lindwurm claws you but does no damage.
The lindwurm claws you.
* * * LOW HITPOINT WARNING * * *
You block Kirke's attack.
You feel better. The shock serpent bites you.
* * * LOW HITPOINT WARNING * * *
The shock serpent shocks you!
You die...

####..####. #.# ### ##
.........###.##..##
#.###..........#...# ..
#(.#.............###..
#.../.................
#...(...........<.....
..#................))...
....?(k............)....
...#Sh@S†..............
.....N@NN...............
.....S.S......#.........
....(...$..#..#.......>.
..((.......##...###..##.
(.(.......###.#.# #..# .
.(......### ##### #... .
(....##.#


You could see Kirke, 2 naga warriors, a naga ritualist, a shock serpent, a
lindwurm, 2 mana vipers, a black mamba and a hog.

Vanquished Creatures
  A frost giant (D:15)
  A minotaur (Lab)
  The ghost of Mecrutio the Cleaver, a journeyman MiFi of Trog (Bailey)
  6 hydras
  4 centaur warriors
  A death knight (D:15)
  An anaconda (Snake:1)
  4 catoblepae
  7 two-headed ogres
  An ogre mage (D:15)
  Urug (D:13)
  9 death yaks (Lair:6)
  5 orc high priests (Orc:2)
  The ghost of Caerwyn the Basher, a novice MiBe of Trog (Bailey)
  A sun demon (Orc:2)
  Nergalle (Lair:2)
  An infernal demonspawn (Orc:2)
  An unseen horror (D:11)
  A wizard (D:13)
  2 torturous demonspawn (Orc:2)
  A deep elf mage (D:15)
  10 orc knights
  2 oklob plants (Lair:6)
  8 orc sorcerers
  3 cyclopes
  10 ugly things
  3 manticores
  4 elephants
  11 black mambas
  A rust devil (Orc:2)
  5 centaur skeletons
  2 gargoyles
  3 komodo dragons
  6 spiny frogs
  3 rime drakes
  A red devil (Orc:2)
  A yaktaur (D:15)
  An ice devil (Orc:2)
  2 freezing wraiths
  A polar bear (Lair:4)
  A queen bee (Lair:1)
  3 trolls
  2 hornets
  Prince Ribbit (Lair:3)
  14 blink frogs
  9 hippogriffs
  A meliai zombie (D:15)
  A centaur simulacrum (D:15)
  A shadow (D:13)
  A vampire (D:15)
  4 wyverns
  28 yaks
  5 hogs
  17 humans
  2 wraiths
  2 basilisks
  A neqoxec (Orc:2)
  A ynoxinul (Orc:2)
  Eustachio (D:6)
  3 hungry ghosts
  Menkaure (D:6)
  4 vampire mosquitoes (D:14)
  3 wargs
  3 nagas
  An acid dragon (D:15)
  7 water moccasins
  4 porcupines
  The ghost of lunatic the Sneak, an amateur SpEn (D:4)
  2 ice beasts
  48 orc warriors
  3 sky beasts
  A black bear (Lair:4)
  An eye of draining (D:12)
  13 ogres
  12 centaurs
  A necrophage (D:9)
  8 crocodiles
  A big kobold (D:12)
  An earth elemental (Lab)
  18 bullfrogs
  The ghost of lunatic the Vexing, an amateur SpEn (D:3)
  A wyvern zombie (D:13)
  2 wyvern skeletons
  27 killer bees
  6 scorpions
  12 wights
  3 electric eels (Lair:4)
  4 howler monkeys
  8 crimson imps
  A quasit (D:8)
  A bullfrog zombie (D:10)
  4 bullfrog skeletons
  33 orc priests
  11 hounds
  3 jellies
  17 orc wizards
  Terence (D:3)
  3 iguanas
  8 worker ants
  A killer bee zombie (D:6)
  2 worker ant zombies
  4 gnolls
  A howler monkey zombie (D:6)
  10 adders
  6 shadow imps
  2 oozes
  3 adder skeletons
  An adder zombie (D:9)
  4 worms (D:2)
  3 dart slugs
  111 orcs
  4 giant cockroaches
  5 goblins
  6 hobgoblins
  5 jackals (D:3)
  3 kobolds
  5 quokkas
  4 ball pythons
  9 bats
  3 frilled lizards
  A jackal zombie (D:7)
  A leopard gecko skeleton (D:5)
  2 quokka zombies
  6 rats
  6 plants (Lair:6)
713 creatures vanquished.

Vanquished Creatures (others)
  Nessos (Orc:2)
  2 centaur warriors
  A cyclops (D:14)
  4 yaktaurs (D:15)
  A water moccasin (Lair:6)
  4 orc warriors
  4 centaurs
  2 orcs
  A goblin (D:3)
  A fungus (Lair:4)
  6 plants
27 creatures vanquished.

Grand Total: 740 creatures vanquished

Notes
Turn   | Place    | Note
-------+----------+-------------------------------------------
     0 | D:1      | Llamajah the Formicid Fighter began the quest for the Orb.
     0 | D:1      | Reached XP level 1. HP: 18/18 MP: 1/1
    72 | D:1      | Reached XP level 2. HP: 19/24 MP: 2/2
   331 | D:1      | Reached XP level 3. HP: 30/30 MP: 3/3
   699 | D:2      | Reached skill level 4 in Fighting
   723 | D:2      | Found a burning altar of Makhleb.
   892 | D:2      | Reached XP level 4. HP: 24/38 MP: 4/4
  1414 | D:3      | Noticed Terence
  1420 | D:3      | Killed Terence
  1420 | D:3      | Reached XP level 5. HP: 43/43 MP: 5/5
  1526 | D:3      | Noticed lunatic's ghost (amateur SpEn)
  1528 | D:3      | Reached skill level 1 in Dodging
  1536 | D:3      | Killed lunatic's ghost
  1536 | D:3      | Reached skill level 1 in Slings
  1781 | D:3      | Reached skill level 5 in Fighting
  1781 | D:3      | Reached XP level 6. HP: 51/51 MP: 6/6
  2361 | D:4      | Found Kiheluf's Book Boutique.
  2428 | D:4      | Noticed lunatic's ghost (amateur SpEn)
  2433 | D:4      | Killed lunatic's ghost
  2433 | D:4      | Reached XP level 7. HP: 56/56 MP: 7/7
  3058 | D:4      | Reached skill level 5 in Shields
  3094 | D:5      | Entered Level 5 of the Dungeon
  3104 | D:5      | Reached skill level 6 in Fighting
  3189 | D:5      | Found a staircase to the Ecumenical Temple.
  3201 | Temple   | Entered the Ecumenical Temple
  3255 | Temple   | Became a worshipper of Warmaster Okawaru
  3279 | D:5      | Reached XP level 8. HP: 64/64 MP: 8/8
  3445 | D:5      | Noticed an air elemental
  3447 | D:5      | Found a stormy altar of Qazlal.
  3448 | D:5      | Noticed a fire elemental
  3448 | D:5      | Noticed a water elemental
  3607 | D:5      | Reached skill level 5 in Armour
  3930 | D:6      | Reached * piety under Okawaru
  3968 | D:6      | Noticed Menkaure
  3978 | D:6      | Killed Menkaure
  3979 | D:6      | Reached skill level 7 in Fighting
  4185 | D:6      | Noticed Eustachio
  4197 | D:6      | Killed Eustachio
  4197 | D:6      | Reached XP level 9. HP: 72/72 MP: 9/9
  4216 | D:6      | Found an opulent altar of Gozag.
  4783 | D:7      | Reached ** piety under Okawaru
  4909 | D:7      | Reached skill level 8 in Fighting
  4909 | D:7      | Reached skill level 5 in Axes
  5258 | D:7      | Noticed a hippogriff
  5266 | D:7      | Killed a hippogriff
  5483 | D:7      | Reached *** piety under Okawaru
  5483 | D:7      | Reached skill level 5 in Slings
  5483 | D:7      | Reached XP level 10. HP: 68/82 MP: 10/10
  5495 | D:7      | Reached skill level 9 in Fighting
  5956 | D:9      | Found a staircase to the Lair.
  6193 | D:9      | Noticed a two-headed ogre
  6205 | D:9      | Killed a two-headed ogre
  6205 | D:9      | Reached **** piety under Okawaru
  6205 | D:9      | Reached skill level 1 in Invocations
  6205 | D:9      | Reached skill level 1 in Evocations
  6498 | D:9      | Found a basalt altar of Yredelemnul.
  6666 | D:9      | Found an ancient bone altar of Kikubaaqudgha.
  6743 | D:9      | Got a crude flail
  6893 | D:9      | Reached ***** piety under Okawaru
  6893 | D:9      | Received a gift from Okawaru
  7047 | D:9      | Identified the +4 flail of Death {protect, MR+ Str+6 Int+6} (You found it on level 9 of the Dungeon)
  7074 | Lair:1   | Entered Level 1 of the Lair of Beasts
  7110 | Lair:1   | Reached skill level 10 in Fighting
  7251 | Lair:1   | Noticed a komodo dragon
  7592 | D:10     | Entered Level 10 of the Dungeon
  7825 | D:10     | Noticed a five-headed hydra
  7839 | D:10     | Killed a five-headed hydra
  7839 | D:10     | Received a gift from Okawaru
  7839 | D:10     | Reached skill level 1 in Maces & Flails
  7839 | D:10     | Reached XP level 11. HP: 35/91 MP: 11/13
  8090 | D:10     | Got a shimmering fustibalus
  8091 | D:10     | Identified the +7 fustibalus of Exchange {flame, -Tele rN+ Dex+6} (You found it on level 10 of the Dungeon)
  8227 | D:10     | Reached skill level 5 in Dodging
  8256 | D:10     | Received a gift from Okawaru
  8280 | D:10     | Found a shadowy altar of Dithmenos.
  8782 | D:11     | Found a labyrinth entrance.
  8788 | Lab      | Entered a labyrinth
  9794 | Lab      | Noticed a minotaur
  9806 | Lab      | Killed a minotaur
  9877 | Lab      | Got a pitted eveningstar
  9877 | Lab      | Got a steaming mace
  9880 | Lab      | Identified the +5 eveningstar "Diggaul" {crush, MR+ Int+2} (You found it in a labyrinth)
  9881 | Lab      | Identified the +7 mace "Orb Guardian's Bane" {crush, rPois rC+ Int+2} (You found it in a labyrinth)
 10265 | D:11     | Noticed an unseen horror
 10270 | D:11     | Killed an unseen horror
 10372 | D:11     | Reached skill level 11 in Fighting
 10476 | D:11     | Noticed a cyclops
 10480 | D:11     | Killed a cyclops
 10480 | D:11     | Reached XP level 12. HP: 64/100 MP: 15/15
 11186 | D:12     | Noticed a six-headed hydra
 11214 | D:11     | Killed a six-headed hydra
 11214 | D:11     | Reached skill level 5 in Invocations
 11417 | D:11     | Received a gift from Okawaru
 11882 | D:12     | Received a gift from Okawaru
 11937 | D:12     | Found a staircase to the Orcish Mines.
 12151 | D:12     | Reached skill level 5 in Evocations
 12463 | D:12     | Received a gift from Okawaru
 12813 | D:13     | Found a gate to the Vaults.
 12813 | D:13     | Noticed Urug
 12813 | D:13     | Noticed a centaur warrior
 12813 | D:13     | Noticed a two-headed ogre
 12868 | D:12     | Reached XP level 13. HP: 56/107 MP: 17/17
 13165 | D:12     | Received a gift from Okawaru
 13467 | D:13     | Reached skill level 12 in Fighting
 13468 | D:13     | Received a gift from Okawaru
 13560 | D:13     | Killed Urug
 13687 | D:13     | Noticed a seven-headed hydra
 13696 | D:13     | Killed a seven-headed hydra
 13782 | D:13     | Killed a centaur warrior
 13806 | D:13     | Found Luup's Distillery.
 13816 | D:13     | Bought a potion of heal wounds for 55 gold pieces
 13816 | D:13     | Bought a potion of curing for 33 gold pieces
 13850 | D:13     | Received a gift from Okawaru
 14022 | D:13     | Received a gift from Okawaru
 14380 | D:14     | Noticed a centaur warrior
 14387 | D:14     | Killed a centaur warrior
 14387 | D:14     | Received a gift from Okawaru
 14388 | D:14     | Noticed a centaur warrior
 14394 | D:14     | Killed a centaur warrior
 14394 | D:14     | Reached skill level 5 in Maces & Flails
 14394 | D:14     | Reached skill level 10 in Shields
 14487 | D:14     | Got a bloodstained hand axe
 14488 | D:14     | Identified the +3 hand axe of the Solstice {venom, -Tele Int+5 Dex+4} (You found it on level 14 of the Dungeon)
 14496 | D:14     | Found a flagged portal.
 14544 | Bailey   | Entered a bailey
 14545 | Bailey   | Noticed Mecrutio's ghost (journeyman MiFi)
 14568 | Bailey   | Killed Mecrutio's ghost
 14850 | Bailey   | Noticed Caerwyn's ghost (novice MiBe)
 14873 | Bailey   | Killed Caerwyn's ghost
 15216 | D:14     | Reached XP level 14. HP: 116/116 MP: 19/19
 15708 | D:15     | Entered Level 15 of the Dungeon
 15757 | D:14     | Received a gift from Okawaru
 15760 | D:14     | Got a pair of encrusted gloves {god gift}
 15772 | D:14     | Identified the +0 pair of gloves of Death Resistance {rPois Regen+ Str-5 Stlth+} (Okawaru gifted it to you on level 14 of the Dungeon)
 15799 | D:15     | Reached skill level 13 in Fighting
 16190 | D:15     | Reached ****** piety under Okawaru
 17113 | D:15     | Found a staircase to the Depths.
 17113 | D:15     | Noticed a frost giant
 17122 | D:15     | Killed a frost giant
 17122 | D:15     | Reached skill level 14 in Fighting
 17125 | D:15     | Received a gift from Okawaru
 17135 | D:15     | Got a ruby-studded scale mail
 17688 | Lair:1   | Received a gift from Okawaru
 18295 | Lair:1   | Identified the +1 scale mail of Unambiguity {rPois rN+++ Int-5} (You found it on level 15 of the Dungeon)
 18364 | Lair:2   | Found a staircase to the Snake Pit.
 18610 | Lair:2   | Noticed Nergalle
 18617 | Lair:2   | Killed Nergalle
 18617 | Lair:2   | Reached XP level 15. HP: 127/127 MP: 20/20
 19429 | Lair:3   | Noticed Prince Ribbit
 19456 | Lair:3   | Killed Prince Ribbit
 19493 | Lair:3   | Reached skill level 10 in Axes
 20009 | Lair:4   | Received a gift from Okawaru
 20124 | Lair:4   | Found a staircase to the Shoals.
 20257 | Lair:4   | Reached skill level 15 in Fighting
 20541 | Lair:4   | Reached skill level 10 in Slings
 20541 | Lair:4   | Reached skill level 10 in Armour
 21072 | Lair:5   | Received a gift from Okawaru
 21794 | Lair:6   | Entered Level 6 of the Lair of Beasts
 22040 | Lair:6   | Received a gift from Okawaru
 22137 | Lair:6   | Received a gift from Okawaru
 22945 | Lair:6   | Found a staircase to the Slime Pits.
 23472 | Lair:4   | Reached XP level 16. HP: 138/138 MP: 22/22
 23639 | Orc:1    | Entered Level 1 of the Orcish Mines
 23770 | Orc:1    | Reached skill level 16 in Fighting
 24411 | Orc:2    | Entered Level 2 of the Orcish Mines
 24731 | Orc:2    | Found Noege's Distillery.
 24752 | Orc:2    | Found Viabburo's General Store.
 25065 | Orc:2    | Received a gift from Okawaru
 25222 | Orc:2    | Found Vaghyoz's Antique Armour Boutique.
 25222 | Orc:2    | Found Posa's Gadget Shop.
 25227 | Orc:2    | Found a one-way gate leading to the halls of Pandemonium.
 25232 | Orc:2    | Bought a runed scarf for 256 gold pieces
 25234 | Orc:2    | Bought a wand of scattershot (4/9) for 384 gold pieces
 25338 | Orc:2    | Found a staircase to the Elven Halls.
 25379 | Orc:2    | Noticed Nessos
 25386 | Orc:2    | Killed Nessos
 25967 | Snake:1  | Entered Level 1 of the Snake Pit
 25986 | Snake:1  | Found Morim's Weapon Shoppe.
 26017 | Snake:1  | Noticed Kirke
 26036 | Snake:1  | Slain by a shock serpent

Skill      XL: |  1  2  3  4  5  6  7  8  9 10 11 12 13 14 15 16 |
---------------+-------------------------------------------------+-----
Fighting       | 4 5 6 7 8 10 11 12 14 15 16 | 16.7
Shields        | 4 5 6 7 8 9 10 11 12 | 12.1
Dodging        | 1 2 3 4 5 6 7 8 |  8.7
Slings         | 1 2 3 5 6 7 8 9 10 | 10.8
Armour         | 4 5 6 7 8 9 10 | 10.8
Axes           | 3 4 5 6 7 8 9 11 | 11.8
Invocations    | 2 4 6 7 |  7.3
Evocations     | 2 4 5 6 7 8 |  8.9
Maces & Flails | 1 2 3 5 |  5.3

Action                   |  1- 3 |  4- 6 |  7- 9 | 10-12 | 13-15 | 16-18 || total
-------------------------+-------+-------+-------+-------+-------+-------++-------
Melee: War axe           |    96 |    85 |   242 |   290 |   117 |       ||   830
       Flail             |       |       |       |    20 |       |       ||    20
       Mace              |       |       |       |       |     6 |       ||     6
       Executioner's axe |       |       |       |       |   226 |    69 ||   295
       Battleaxe         |       |       |       |       |     4 |       ||     4
 Fire: Fustibalus        |       |       |       |   245 |   564 |   296 ||  1105
Throw: Stone             |       |       |       |     1 |       |       ||     1
Invok: Heroism           |       |       |       |       |     3 |       ||     3
 Abil: Dig               |       |       |       |     2 |     4 |     2 ||     8
Evoke: Wand              |       |       |       |     5 |       |       ||     5
  Use: Scroll            |       |       |       |    27 |    12 |     8 ||    47
       Potion            |       |       |       |     3 |     5 |     2 ||    10
 Stab: Petrified         |       |       |       |       |     8 |       ||     8
       Petrifying        |       |       |       |       |     3 |       ||     3
  Eat: Chunk             |       |     5 |    10 |    19 |    28 |     5 ||    67
       Royal jelly       |       |       |       |     2 |     3 |     1 ||     6
       Meat ration       |       |       |       |       |       |     1 ||     1
Armor: Scale mail        |    38 |    23 |       |       |       |       ||    61
       Chain mail        |       |     2 |    33 |       |       |       ||    35
       Plate armour      |       |       |    45 |   138 |   149 |    53 ||   385
Dodge: Dodged            |    22 |    22 |    53 |    94 |   136 |    40 ||   367
Block: Shield            |    60 |    63 |   191 |   150 |       |       ||   464
       Reflection        |       |     1 |     3 |    18 |    85 |    22 ||   129
       Large shield      |       |       |       |   252 |   621 |   226 ||  1099
